cohdb
Replays
Latest Replays
All Replays
Popular Replays
Top Player Replays
Match Explorer
How It Works
Community
CoH3 Stats
Reddit
Sign in to upload your games and track your stats! →
Sign in with Steam
Match 25334003
Unlisted
Match 25334003
Overview
Messages
Build Orders
End
Construct Infanterie Kompanie
Kettenkrad Recon Vehicle
Selects Breakthrough Battlegroup
Selects Assault Grenadiers
Grenadier Squad
MG 42 Machine Gun Team
Construct Luftwaffe Kompanie
Grenadier Squad
Grenadier Squad
Selects Breakthrough
221 Scout Car
Jäger Squad
Pioneer Squad
Jäger Squad
Construct Panzer Kompanie
MG 42 Machine Gun Team
Selects Incendiary Bombing Run
Selects 2.5-tonne Cargo Truck
Stoßtruppen Squad
Breakthrough
Pioneer Squad
Jäger Squad
Incendiary Bombing Run
Selects Blitzkrieg
Jäger Squad
Stoßtruppen Squad
Incendiary Bombing Run
MG 42 Machine Gun Team
Incendiary Bombing Run
Selects Tiger Heavy Tank
Tiger Heavy Tank
Pioneer Squad
Panzer IV Medium Tank
Tamsui Yogurt
eFalcon95
ReGobl1N
Jonatanga
PAUG.S®
Eber
0
0
Comments
sign in to comment!
No comments posted yet!